 Dungeon Crawl Stone Soup version 0.22.1-2-g9c5b331383 (webtiles) character file.

158 Cykl0x the Shield-Bearer (level 5, -3/33 HPs)
             Began as a Gargoyle Fighter on Dec 9, 2018.
             Slain by a hornet zombie (7 damage)
             ... on level 3 of the Dungeon.
             The game lasted 00:04:36 (1482 turns).

Cykl0x the Shield-Bearer (Gargoyle Fighter)         Turns: 1482, Time: 00:04:36

Health: -3/33      AC: 11    Str: 20    XL:     5   Next: 39%
Magic:  5/5        EV:  8    Int:  8    God:
Gold:   71         SH:  9    Dex: 10    Spells: 4/4 levels left

rFire    . . .     SeeInvis .   a - +0 war axe
rCold    . . .     Gourm    .   c - +0 shield
rNeg     + . .     Faith    .   b - +0 scale mail
rPois    ∞         Spirit   .   (no helmet)
rElec    +         Reflect  .   (no cloak)
rCorr    .         Harm     .   (no gloves)
MR       .....                  (no boots)
Stlth    ..........             (no amulet)
HPRegen  0.11/turn              (no ring)
MPRegen  0.09/turn              (no ring)

@: no status effects
A: negative energy resistance 1, electricity resistance, unbreathing,
petrification resistance, rot immunity, AC +4
a: no special abilities


You were on level 3 of the Dungeon.
You were not hungry.

You visited 1 branch of the dungeon, and saw 3 of its levels.

You collected 71 gold pieces.

Inventory:

Hand Weapons
 a - a +0 war axe (weapon)
Missiles
 i - 36 stones (quivered)
Armour
 b - a +0 scale mail (worn)
 c - a +0 shield (worn)
Scrolls
 m - a scroll of magic mapping {unknown}
 o - a scroll of enchant armour {unknown}
 p - a scroll of teleportation
 q - a scroll of fear {unknown}
Potions
 d - a potion of might
 e - a potion of curing
 h - a potion of mutation {unknown}
 j - a potion of lignification {unknown}
 k - 2 potions of agility {unknown}
 l - a potion of flight {unknown}
 n - a potion of ambrosia {unknown}
Comestibles
 f - 5 rations
 g - 2 chunks of flesh


   Skills:
 + Level 3.7 Fighting
 + Level 3.1 Axes
 + Level 4.0 Armour
 + Level 0.9 Dodging
 + Level 4.4 Shields


You had 4 spell levels left.
You didn't know any spells.
Your spell library contained the following spells:

 Spells                   Type           Power        Failure   Level  Hunger
 Poison Arrow             Conj/Pois      #.........   100%        6    #######
 Chain Lightning          Conj/Air       #.........   100%        8    #######
 Lehudib's Crystal Spear  Conj/Erth      #.........   100%        8    #######
 Fire Storm               Conj/Fire      #.........   100%        9    #######
 Glaciate                 Conj/Ice       #.........   100%        9    #######


Dungeon Overview and Level Annotations

Branches:
Dungeon (3/15)

Altars:
Fedhas
Gozag
Uskayaw
Wu Jian
Xom
The Shining One


Innate Abilities, Weirdness & Mutations

You are resistant to torment.
Your stone body is resilient. (AC +4)
You are immune to poison.
You resist negative energy. (rN+)
You are resistant to electric shocks. (rElec)
You can survive without breathing.
You are immune to petrification.
You are immune to rotting.


Message History

The hornet zombie is moderately damaged.
You block the hornet zombie's attack. The hornet zombie hits you.
Your shield and scale mail prevent you from hitting the hornet zombie.
The hornet zombie is moderately damaged.
The hornet zombie hits you! You block the hornet zombie's attack.
Your shield and scale mail prevent you from hitting the hornet zombie.
The hornet zombie is moderately damaged.
The hornet zombie hits you.
* * * LOW HITPOINT WARNING * * *
The hornet zombie closely misses you.
You hit the hornet zombie.
The hornet zombie is heavily damaged.
The hornet zombie barely misses you. You block the hornet zombie's attack.
The hornet zombie hits you but does no damage.
You closely miss the hornet zombie.
The hornet zombie is heavily damaged.
The hornet zombie hits you.
* * * LOW HITPOINT WARNING * * *
The hornet zombie hits you!
You die...

+....#.................
#....#....############.
...#.###.<..# #.
#######.#.###....########.
.................+........
............#....######+#.
#.......#.#.#....##.......
#.#####.#Z#.#....##.......
..#@#.#....##.......
##.#.#.#....##.......
....#.#....##.......
#.###.#######....... ...
.....# #....... .#.#
##.#.# #....... #. #.#.#
#####+#. # #...# .#.
#.)########...


You could see a hornet zombie.

Vanquished Creatures
  A scorpion (D:3)
  2 adders (D:2)
  3 gnolls (D:2)
  An ooze (D:2)
  3 worms (D:2)
  2 dart slugs
  3 orcs (D:3)
  A giant cockroach (D:3)
  A goblin (D:1)
  7 hobgoblins
  5 jackals
  5 kobolds
  6 bats
  3 frilled lizards
  3 rats
46 creatures vanquished.

Notes
Turn   | Place    | Note
-------+----------+-------------------------------------------
     0 | D:1      | Cykl0x the Gargoyle Fighter began the quest for the Orb.
     0 | D:1      | Reached XP level 1. HP: 14/14 MP: 1/1
   202 | D:1      | Reached XP level 2. HP: 19/19 MP: 2/2
   457 | D:2      | Found a hide-covered altar of Uskayaw.
   457 | D:2      | Found a glowing golden altar of the Shining One.
   458 | D:2      | Found a shimmering altar of Xom.
   464 | D:2      | Found an opulent altar of Gozag.
   464 | D:2      | Found an ornate altar of the Wu Jian Council.
   470 | D:2      | Found a blossoming altar of Fedhas.
   586 | D:2      | Reached XP level 3. HP: 23/23 MP: 3/3
   895 | D:2      | Reached XP level 4. HP: 22/28 MP: 4/4
  1155 | D:3      | Reached XP level 5. HP: 33/33 MP: 5/5
  1482 | D:3      | Slain by a hornet zombie

Skill      XL: |  1  2  3  4 |
---------------+-------------+-----
Shields        | 4 |  4.4
Axes           | 2 3 |  3.1
Armour         | 4 |  4.0
Fighting       | |  3.7
Dodging        | |  0.9

Action                   |  1- 3 |  4- 6 || total
-------------------------+-------+-------++-------
Melee: War axe           |    82 |    79 ||   161
  Use: Scroll            |     3 |     2 ||     5
  Eat: Chunk             |       |     2 ||     2
Armor: Scale mail        |    36 |    23 ||    59
Dodge: Dodged            |    24 |    25 ||    49
Block: Shield            |    55 |    39 ||    94
